 Dungeon Crawl Stone Soup version 0.17-a0-1115-g0372368 (webtiles) character file.

21410 Sixotanaka the Bludgeoner (level 12, -1/88 HPs)
             Began as a Centaur Hunter on May 23, 2015.
             Was a Priest of Trog.
             Killed from afar by a lava snake (11 damage)
             ... with a glob of lava
             ... in a volcano.
             The game lasted 00:58:04 (27585 turns).

Sixotanaka the Bludgeoner (Centaur Hunter)         Turns: 27585, Time: 00:58:04

Health: -1/88      AC: 10    Str: 16    XL:     12   Next: 53%
Magic:  12/12      EV:  7    Int: 10    God:    Trog [***...]
Gold:   803        SH:  0    Dex: 16    Spells: 0 memorised, 11 levels left

rFire  + . .     SeeInvis .     a - +2 morningstar (elec)
rCold  . . .     Clarity  .     o - +2 scale mail {rF+}
rNeg   . . .     SustAt   .     (no shield)
rPois  .         Gourm    .     x - +0 helmet
rElec  .         Spirit   .     D - +0 cloak
rCorr  .         Warding  .     (no gloves)
rMut   .         Stasis   .     (no barding)
MR     .....                    (no amulet)
Stlth  ..........               J - +2 ring of dexterity
                                I - ring of flight

@: very quick, not resistant to hostile enchantments, extremely unstealthy
A: hooves 3, deformed body, speed 2, tough skin 3
a: Burn Spellbooks, Berserk, Trog's Hand, Renounce Religion, Evoke Flight


You were in a volcano.
You worshipped Trog.
Trog was most pleased with you.
You were not hungry.

You visited 3 branches of the dungeon, and saw 15 of its levels.
You also visited: Volcano.

You collected 803 gold pieces.


Innate Abilities, Weirdness & Mutations

You have hooves in place of feet.
Armour fits poorly on your strangely shaped body.
You cover ground very quickly.
You have extremely tough skin (AC +3).


   Skills:
 - Level 2.8 Fighting
 * Level 15.8 Maces & Flails
 + Level 13.9 Bows
 - Level 1.3 Dodging
 - Level 0.5 Stealth


You had 11 spell levels left.
You didn't know any spells.

Dungeon Overview and Level Annotations

Branches:
Dungeon (8/15)             Temple (1/1) D:7            Lair (6/8) D:8
  Swamp (0/4) Lair:4       Spider (0/4) Lair:4
  Slime: Lair:6-8

Altars:
Ashenzari
Cheibriados
Dithmenos
Elyvilon
Fedhas
Gozag
Makhleb
Nemelex Xobeh
Okawaru
Qazlal
Ru
Sif Muna
Trog
Vehumet
Xom
Zin
The Shining One

Shops:
D:6 %

Annotations:
D:7 exclusion: upstairs, Joseph
Lair:1 6 exclusions Volcano exclusion: 4 statues

Inventory:

Hand weapons
 a - a +2 morningstar of electrocution (weapon)
   (You took it off a wight on level 8 of the Dungeon)
 b - a +1 shortbow
 j - a +0 short sword
 k - the +1 flail of Lyimu {pain, +Fly Int+3 Stlth+}
   (You found it on level 7 of the Dungeon)

   In the hands of one skilled in necromantic magic, it inflicts extra damage on
   living creatures.
   It affects your intelligence (+3).
   It lets you fly.
   It makes you more stealthy.
 B - the +8 hand axe of Agony {chop, +Inv rPois rC+}
   (You found it on level 5 of the Dungeon)

   It inflicts extra damage upon your enemies.
   It protects you from cold.
   It protects you from poison.
   It lets you turn invisible.
Missiles
 c - 100 arrows
 g - 469 stones (quivered)
 t - 7 arrows of frost
Armour
 o - a +2 scale mail of fire resistance (worn)
   (You found it on level 2 of the Dungeon)
 x - a +0 helmet (worn)
 D - a +0 cloak (worn)
Jewellery
 I - a ring of flight (left hand)
 J - a +2 ring of dexterity (right hand)
Magical devices
 s - a wand of digging (11)
 u - a wand of enslavement (14)
 y - a wand of frost (17)
 C - a wand of random effects (0)
 R - a wand of flame (36)
 S - a wand of slowing (30)
 T - a wand of teleportation (7) {@v4}
Scrolls
 d - 2 scrolls of blinking {unknown}
 f - 5 scrolls of teleportation {@r4}
 i - 3 scrolls of enchant armour
 n - 4 scrolls of remove curse {@r2}
 q - 3 scrolls of enchant weapon {unknown}
 r - 2 scrolls of fear {unknown}
 v - a scroll of silence {unknown}
 z - a scroll of fog {unknown}
 E - 2 scrolls of recharging
 G - a scroll of brand weapon
 H - 3 scrolls of magic mapping
 L - a scroll of immolation {unknown}
 M - 2 scrolls of holy word {unknown}
 Q - a scroll of random uselessness {unknown}
Potions
 h - a potion of lignification {unknown}
 l - a potion of haste {@q3}
 p - a potion of might {unknown}
 w - a potion of beneficial mutation {unknown}
 A - a potion of brilliance {unknown}
 K - a potion of agility
 O - a potion of mutation {unknown}
 P - 2 potions of resistance
Comestibles
 e - 5 bread rations
 m - 7 fruits
 F - 5 royal jellies

##...§≈§≈......#
#.....≈≈≈≈≈.....
##....≈≈≈≈≈≈§§..#
#....≈≈§≈§≈§§≈..#
##...§≈≈≈≈§§§§≈..#
#....≈§§≈≈§≈≈≈≈.##
#...≈≈≈§≈≈§§§≈≈.#∩
##..§≈§§§§≈§≈≈≈≈.##
#.@.S§§§§§≈≈≈≈≈≈..#
#..≈≈§§≈§≈§§§§≈§.
##..≈§§≈≈§§§
##..§§§S§≈§§§
#..≈§≈≈§≈≈§≈
#..≈≈≈§≈§≈≈≈
#..≈≈§§≈≈§≈§
#.§§≈§§§§§≈§
##.§§≈≈§≈≈§≈≈


You could see 2 lava snakes.


Message History

Aim: a firespitter statue (almost destroyed)
You shoot an arrow. The arrow hits the firespitter statue.
Press: ? - help, Shift-Dir - straight line, f/p - firespitter statue
Aim: a firespitter statue (almost destroyed)
You shoot an arrow.
The arrow hits the firespitter statue but does no damage.
Press: ? - help, Shift-Dir - straight line, f/p - firespitter statue
Aim: a firespitter statue (almost destroyed)
You shoot an arrow.
The arrow hits the firespitter statue but does no damage.
Press: ? - help, Shift-Dir - straight line, f/p - firespitter statue
Aim: a firespitter statue (almost destroyed)
You shoot an arrow. The arrow hits the firespitter statue.
Press: ? - help, Shift-Dir - straight line, f/p - firespitter statue
Aim: a firespitter statue (almost destroyed)
You shoot an arrow. The arrow hits the firespitter statue.
You destroy the firespitter statue!
Okay, then.
You start resting.
The air gets thick with the scent of sulphur.
You hear the crackle of electricity.
a - a +2 morningstar of electrocution (weapon)
You start resting.
In the distance, the volcano erupts with a roar.
Marking area around the firespitter statue as unsafe for travelling.
Marking area around the firespitter statue as unsafe for travelling.
The firespitter statue throws fire at you.
The puff of flame hits you! You resist.
Marking area around the firespitter statue as unsafe for travelling.
Marking area around the firespitter statue as unsafe for travelling.
You start resting.
The firespitter statue throws fire at you.
The bolt of fire hits you! You resist.
The firespitter statue throws fire at you.
The bolt of fire hits you! You resist.
Found a hunting sling.
A molten gargoyle and 2 earth elementals come into view.
The molten gargoyle blasts magma at you!
The bolt of magma misses you.
Found eight items.
Found a burning altar of Makhleb.
Found a rocky tunnel leading out of this place.
The hunting sling is a mimic!
The hunting sling mimic giggles and vanishes in a puff of smoke!
Really walk into a travel-excluded area? [Y]es or [N]o only, please.
Really walk into a travel-excluded area?
Okay, then.
Okay, then.
Read which item? (? for menu, Esc to quit)
As you read the scroll of teleportation {@r4}, it crumbles to dust.
You feel strangely unstable. The earth elemental hits you!!
* * * LOW HITPOINT WARNING * * *
Really walk into a travel-excluded area?
The molten gargoyle blasts magma at you!
The bolt of magma hits the earth elemental.
The earth elemental partially resists.
The bolt of magma hits you! You partially resist.
* * * LOW HITPOINT WARNING * * *
The earth elemental hits you!
* * * LOW HITPOINT WARNING * * *
Your surroundings suddenly seem different.
The lava snake hisses angrily. x2
The lava snake spits lava at you. The glob of lava hits you!
You partially resist.
* * * LOW HITPOINT WARNING * * *
Drink which item? (? for menu, Esc to quit)
You feel better. The lava snake spits lava at you. The glob of lava hits you!
You partially resist.
You die...

Action                   |  1- 3 |  4- 6 |  7- 9 | 10-12 || total
-------------------------+-------+-------+-------+-------++-------
Melee: Short sword       |    71 |     1 |       |       ||    72
       Whip              |    69 |   149 |   517 |    66 ||   801
       Flail             |       |       |    35 |       ||    35
       Hand axe          |       |       |    18 |       ||    18
       Morningstar       |       |       |     8 |   504 ||   512
 Fire: Shortbow          |    11 |    87 |   117 |   494 ||   709
Throw: Stone             |    24 |     7 |    33 |     8 ||    72
Invok: Berserk           |       |       |       |     2 ||     2
       Trog's Hand       |       |       |       |     1 ||     1
Evoke: Wand              |       |       |     2 |     3 ||     5
  Use: Scroll            |       |       |    13 |     6 ||    19
       Potion            |       |       |     7 |     3 ||    10
 Stab: Paralysed         |       |       |     1 |       ||     1
  Eat: Chunk             |     3 |     2 |    13 |    16 ||    34
       Meat ration       |       |     1 |     2 |     2 ||     5
       Beef jerky        |       |       |     2 |       ||     2
       Royal jelly       |       |       |       |     6 ||     6
       Bread ration      |       |       |       |     1 ||     1
       Fruit             |       |       |       |     2 ||     2

Vault maps used:
D:1:      minmay_arrival_hallway, minivault_14, st_stairs_4,
          roderic_three_in_a_row, grunt_decor_resistance
D:2:      st_stairs_9, lemuel_blue_sif_altar
D:3:      old_standard_altar
D:4:      kennysheep_big_flooded_room, uniq_robin, uniq_natasha, uniq_duvessa
D:5:      first_bread, minivault_11
D:6:      lemuel_upstairs_altar, serial_shops, nicolae_shop_window_shopping,
          basic_altar, minivault_19, uniq_crazy_yiuf_cottage
D:7:      grunt_temple_overflow_open, nicolae_overflow_hidden_temple,
          minmay_temple_entry_grid, uniq_joseph
D:8:      grunt_dithmenos_smoke_and_mirrors, lair_0_dummy, enter_bailey_2,
          david_nohive_1, kennysheep_generic_room_10
Temple:   chambers_temple_12
Lair:1:   infiniplex_staircase_pool
Lair:2:   nicolae_quartered_pool_little
Lair:3:   grunt_megastairs_3
Lair:4:   minmay_swamp_entry_worms, spider_nest_entry_rubble,
          grunt_forest_large_clearing_hut, uniq_snorg
Lair:5:   basic_altar, infiniplex_staircase_pool_2
Lair:6:   slime_altar_1, nicolae_volcano_entry_s_turn, lookout_lair_type,
          zaba_anthell
Volcano:  volcano_grotto

Notes
Turn   | Place    | Note
--------------------------------------------------------------
     0 | D:1      | Sixotanaka the Centaur Hunter began the quest for the Orb.
     0 | D:1      | Reached XP level 1. HP: 17/17 MP: 1/1
   492 | D:1      | Reached XP level 2. HP: 25/25 MP: 2/2
  1181 | D:1      | Reached XP level 3. HP: 22/30 MP: 3/3
  1316 | D:1      | Reached skill level 6 in Bows
  1630 | D:1      | Reached skill level 1 in Maces & Flails
  2044 | D:2      | Found a deep blue altar of Sif Muna.
  2301 | D:2      | Reached XP level 4. HP: 37/37 MP: 4/4
  2351 | D:2      | Reached skill level 2 in Maces & Flails
  2776 | D:3      | Found a shattered altar of Ashenzari.
  2856 | D:3      | Reached skill level 3 in Maces & Flails
  3093 | D:3      | Reached XP level 5. HP: 44/44 MP: 5/5
  3116 | D:3      | Noticed a phantom
  3139 | D:3      | Killed a phantom
  3139 | D:3      | Reached skill level 4 in Maces & Flails
  3539 | D:4      | Reached XP level 6. HP: 44/50 MP: 6/6
  3684 | D:4      | Reached skill level 5 in Maces & Flails
  3782 | D:4      | Noticed Natasha
  3793 | D:4      | Killed Natasha
  3921 | D:4      | Noticed Robin
  3978 | D:4      | Killed Robin
  4436 | D:4      | Noticed Dowan
  4439 | D:4      | Noticed Duvessa
  4448 | D:4      | Killed Dowan
  4568 | D:4      | Killed Duvessa
  4568 | D:4      | Reached skill level 6 in Maces & Flails
  4568 | D:4      | Reached XP level 7. HP: 31/56 MP: 7/7
  4902 | D:5      | Entered Level 5 of the Dungeon
  5011 | D:5      | Got a brightly glowing hand axe
  5037 | D:4      | Identified the +8 hand axe of Agony {chop, +Inv rPois rC+} (You found it on level 5 of the Dungeon)
  5096 | D:5      | Reached skill level 7 in Maces & Flails
  6288 | D:6      | Reached skill level 8 in Maces & Flails
  6288 | D:6      | Reached XP level 8. HP: 39/62 MP: 8/8
  6745 | D:6      | Noticed Crazy Yiuf
  6783 | D:6      | Killed Crazy Yiuf
  6981 | D:6      | Found Waekhlegg's Food Shoppe.
  6995 | D:6      | Reached skill level 9 in Maces & Flails
  7092 | D:6      | Found a shimmering altar of Xom.
  7458 | D:7      | Got a pitted flail
  7472 | D:7      | Found a staircase to the Ecumenical Temple.
  7490 | Temple   | Entered the Ecumenical Temple
  7906 | D:7      | Noticed a green ugly thing
  8099 | D:6      | Identified the cursed +1 flail of Lyimu {pain, +Fly Int+3 Stlth+} (You found it on level 7 of the Dungeon)
  8255 | D:6      | Found a white marble altar of Elyvilon.
  8501 | D:7      | Reached skill level 10 in Maces & Flails
  9051 | D:7      | Noticed Joseph
  9287 | D:6      | HP: 15/62 [poisoned by a green ugly thing]
  9293 | D:6      | HP: 12/62 [poisoned by a green ugly thing]
  9300 | D:6      | HP: 10/62 [poisoned by a green ugly thing]
  9307 | D:6      | HP: 10/62 [poisoned by a green ugly thing]
  9315 | D:6      | HP: 9/62 [poisoned by a green ugly thing]
  9617 | D:7      | Found a deep blue altar of Sif Muna.
  9624 | D:7      | Found a shimmering altar of Xom.
  9656 | D:7      | Found a bloodstained altar of Trog.
  9975 | D:8      | Reached XP level 9. HP: 27/68 MP: 9/9
  9975 | D:8      | HP: 13/68 [killer bee (8)]
  9980 | D:8      | HP: 10/68 [killer bee (6)]
  9992 | D:8      | HP: 17/68 [poisoned by a killer bee]
  9997 | D:8      | HP: 16/68 [poisoned by a killer bee]
 10005 | D:8      | HP: 15/68 [poisoned by a killer bee]
 10010 | D:8      | HP: 15/68 [poisoned by a killer bee]
 10018 | D:7      | HP: 15/68 [poisoned by a killer bee]
 11480 | D:8      | Reached skill level 7 in Bows
 11865 | D:8      | Reached skill level 11 in Maces & Flails
 11913 | D:8      | Found a staircase to the Lair.
 11998 | D:8      | HP: 17/68 [trapdoor spider zombie (8)]
 12002 | D:8      | HP: 5/68 [trapdoor spider zombie (11)]
 12024 | D:8      | HP: 8/68 [killer bee (5)]
 12277 | D:8      | Reached skill level 8 in Bows
 12354 | D:8      | HP: 16/68 [killer bee (4)]
 12983 | D:8      | Noticed a queen bee
 12997 | D:8      | Killed a queen bee
 13303 | D:8      | Reached XP level 10. HP: 73/75 MP: 10/10
 13405 | D:8      | Reached skill level 9 in Bows
 13720 | D:8      | Reached skill level 12 in Maces & Flails
 14113 | D:8      | HP: 18/75 [poisoned by a killer bee]
 14118 | D:8      | HP: 14/75 [poisoned by a killer bee]
 14123 | D:8      | HP: 11/75 [poisoned by a killer bee]
 14129 | D:8      | HP: 10/75 [poisoned by a killer bee]
 14135 | D:8      | HP: 9/75 [poisoned by a killer bee]
 14143 | D:8      | HP: 9/75 [poisoned by a killer bee]
 14519 | D:7      | Became a worshipper of Trog the Wrathful
 14605 | D:8      | Found a shadowy altar of Dithmenos.
 14656 | Lair:1   | Entered Level 1 of the Lair of Beasts
 14917 | Lair:1   | Acquired Trog's first power
 15437 | Lair:1   | Reached skill level 10 in Bows
 16119 | Lair:2   | Noticed a black mamba
 16311 | Lair:2   | Killed a black mamba
 16522 | Lair:2   | Reached skill level 13 in Maces & Flails
 17675 | Lair:3   | Reached XP level 11. HP: 30/81 MP: 11/11
 17939 | Lair:3   | Reached skill level 11 in Bows
 18326 | Lair:3   | HP: 20/81 [sheep[a torpor snail] (6)]
 19064 | Lair:3   | Noticed a catoblepas
 19126 | Lair:3   | Acquired Trog's second power
 19313 | Lair:3   | Killed a catoblepas
 19313 | Lair:3   | Reached skill level 14 in Maces & Flails
 19558 | Lair:3   | Noticed a griffon
 19575 | Lair:3   | Killed a griffon
 20208 | Lair:3   | Reached skill level 12 in Bows
 20568 | Lair:4   | Found a hole to the Spider Nest.
 21191 | Lair:4   | Noticed a seven-headed hydra
 21261 | Lair:3   | Killed a seven-headed hydra
 21622 | Lair:4   | Noticed Snorg
 21767 | Lair:4   | Killed Snorg
 22036 | Lair:4   | HP: 20/81 [poisoned by a spiny frog]
 22041 | Lair:4   | HP: 17/81 [poisoned by a spiny frog]
 22046 | Lair:4   | HP: 14/81 [poisoned by a spiny frog]
 22052 | Lair:4   | HP: 12/81 [poisoned by a spiny frog]
 22058 | Lair:4   | HP: 12/81 [poisoned by a spiny frog]
 22066 | Lair:4   | HP: 11/81 [poisoned by a spiny frog]
 22403 | Lair:4   | Found a staircase to the Swamp.
 22764 | Lair:4   | Noticed a seven-headed hydra
 22809 | Lair:4   | Killed a seven-headed hydra
 22809 | Lair:4   | Reached XP level 12. HP: 51/88 MP: 12/12
 23042 | Lair:4   | Reached skill level 15 in Maces & Flails
 23259 | Lair:4   | Noticed an eight-headed hydra
 23340 | Lair:3   | Killed an eight-headed hydra
 23340 | Lair:3   | Reached skill level 13 in Bows
 25620 | Lair:5   | HP: 21/88 [poisoned by a black mamba]
 25625 | Lair:5   | HP: 16/88 [poisoned by a black mamba]
 25630 | Lair:5   | HP: 14/88 [poisoned by a black mamba]
 25635 | Lair:5   | HP: 15/88 [poisoned by a black mamba]
 25640 | Lair:5   | HP: 17/88 [poisoned by a black mamba]
 25645 | Lair:5   | HP: 20/88 [poisoned by a black mamba]
 25650 | Lair:5   | HP: 20/88 [poisoned by a black mamba]
 25657 | Lair:5   | HP: 19/88 [poisoned by a black mamba]
 25665 | Lair:5   | HP: 19/88 [poisoned by a black mamba]
 26369 | Lair:5   | Found a sparkling altar of Nemelex Xobeh.
 26376 | Lair:5   | Noticed a six-headed hydra
 26486 | Lair:5   | Killed a six-headed hydra
 27194 | Lair:6   | Found a dark tunnel.
 27208 | Volcano  | Entered a volcano
 27576 | Volcano  | Found a burning altar of Makhleb.
 27579 | Volcano  | HP: 17/88 [earth elemental (10)]
 27584 | Volcano  | HP: 5/88 [lava snake/glob of lava (13)]
 27585 | Volcano  | Killed from afar by a lava snake

Vanquished Creatures
  Snorg (Lair:4)
  4 hydras
  A catoblepas (Lair:3)
  A statue (Volcano)
  A griffon (Lair:3)
  2 black mambas
  5 komodo dragons
  2 torpor snails
  7 spiny frogs
  A fire drake (Lair:3)
  A trapdoor spider zombie (D:8)
  A queen bee (D:8)
  A boulder beetle (Lair:3)
  4 blink frogs (Lair:4)
  6 yaks (Lair:3)
  A redback (Lair:3)
  2 basilisks
  A spriggan (Lair:4)
  4 hippogriffs
  A steam dragon (Lair:2)
  A swamp worm (Lair:4)
  A hungry ghost (D:8)
  4 wolves
  7 water moccasins
  6 porcupines
  Duvessa (D:4)
  2 orc warriors
  A black bear (Lair:5)
  3 centaurs
  2 ogres (D:7)
  A phantom (D:3)
  10 crocodiles
  A sky beast (D:6)
  18 giant frogs
  Dowan (D:4)
  A scorpion (Lair:3)
  21 killer bees
  9 wights (D:8)
  2 jellies (D:8)
  A lava snake (Volcano)
  4 hounds
  2 crimson imps
  6 iguanas
  Crazy Yiuf (D:6)
  A centaur skeleton (D:8)
  10 worker ants
  3 giant frog skeletons
  Natasha (D:4)
  7 orc wizards
  18 sheep
  A killer bee zombie (D:8)
  A hound zombie (D:8)
  Robin (D:4)
  4 gnolls
  27 river rats
  10 adders
  A shadow imp (D:6)
  3 oozes
  An adder skeleton (D:8)
  3 worms
  9 giant geckos
  28 orcs
  10 bats
  A bat skeleton (D:4)
  7 giant cockroaches
  20 goblins
  16 hobgoblins
  14 kobolds
  4 quokkas
  2 ball pythons
  A giant cockroach zombie (D:5)
  A giant gecko skeleton (D:4)
  A giant gecko zombie (D:7)
  6 giant newts
  10 jackals
  A jackal skeleton (D:4)
  A quokka skeleton (D:5)
  17 rats
  4 fungi
  4 plants
402 creatures vanquished.

Vanquished Creatures (others)
  An orc wizard (D:4)
  A river rat (Lair:1)
  A plant (Lair:4)
3 creatures vanquished.

Grand Total: 405 creatures vanquished
